 Dungeon Crawl Stone Soup version bcrawl-1.18.1 (webtiles) character file.

Game seed: 9157851692976746073

2424 Revguard the Shield-Bearer (level 9, -7/74 HPs)
             Began as a Gnoll Fighter on Nov 8, 2019.
             Was a Believer of Lugonu.
             Mangled by an orc warrior
             ... wielding a +0 glaive
              (27 damage)
             ... on level 6 of the Dungeon.
             The game lasted 00:15:59 (5225 turns).

Revguard the Shield-Bearer (Gnoll Fighter)          Turns: 5225, Time: 00:15:59

Health: -7/74      AC: 11    Str: 23      XL:     9   Next: 48%
Magic:  15/15      EV: 11    Int: 10      God:    Lugonu [**....]
Gold:   281        SH: 14    Dex: 16 (18) Spells: 16/16 levels left

rFire    + . .     SeeInvis .   a - +0 long sword
rCold    + + .     Gourm    .   c - +0 shield
rNeg     . . .     Faith    .   b - +0 scale mail
rPois    .         Spirit   .   (no helmet)
rElec    .         Reflect  .   m - scarf {rC+ rF+}
rCorr    .         Harm     .   d - +2 pair of gloves
MR       .....                  (no boots)
Stlth    +.........             (no amulet)
HPRegen  0.22/turn              o - +4 ring of strength
MPRegen  0.14/turn              x - ring of protection from cold

@: hasted, very quick
A: distributed training, fangs 1, strong nose
a: Depart the Abyss, Bend Space, Renounce Religion


You were on level 6 of the Dungeon.
You worshipped Lugonu.
Lugonu was pleased with you.
You were not hungry.

You visited 2 branches of the dungeon, and saw 7 of its levels.

You collected 281 gold pieces.

Inventory:

Hand Weapons
 a - a +0 long sword (weapon)
Armour
 b - a +0 scale mail (worn)
 c - a +0 shield (worn)
 d - a +2 pair of gloves (worn)
 i - a +0 cloak
 m - a scarf of resistance (worn)
Jewellery
 o - a +4 ring of strength (left hand)
 x - a ring of protection from cold (right hand)
Wands
 u - a wand of polymorph (7)
Scrolls
 g - 4 scrolls of remove curse
 j - 2 scrolls of magic mapping
 n - a scroll of noise {unknown}
 p - 2 scrolls of blinking {unknown}
 q - a scroll of teleportation {unknown}
 s - a scroll of amnesia {unknown}
 t - a scroll of enchant armour {unknown}
 w - a scroll of enchant weapon {unknown}
Potions
 e - a potion of haste
 h - a potion of brilliance
 k - 2 potions of curing
 l - a potion of lignification
Miscellaneous
 r - a lightning rod (1/4)
Comestibles
 f - 15 rations {!d}
 v - a chunk of flesh


   Skills:
 + Level 7.9 Fighting
 + Level 4.2 Short Blades
 + Level 6.3 Long Blades
 + Level 4.2 Axes
 + Level 4.2 Maces & Flails
 + Level 4.2 Polearms
 + Level 4.2 Staves
 + Level 4.2 Slings
 + Level 4.2 Bows
 + Level 4.2 Crossbows
 + Level 4.2 Throwing
 + Level 7.9 Armour
 + Level 4.2 Dodging
 + Level 4.2 Stealth
 + Level 7.9 Shields
 + Level 4.2 Unarmed Combat
 + Level 4.2 Spellcasting
 + Level 3.4 Conjurations
 + Level 3.4 Hexes
 + Level 3.4 Charms
 + Level 3.4 Summonings
 + Level 3.4 Necromancy
 + Level 3.4 Translocations
 + Level 3.4 Transmutations
 + Level 3.4 Fire Magic
 + Level 3.4 Ice Magic
 + Level 3.4 Air Magic
 + Level 3.4 Earth Magic
 + Level 3.4 Poison Magic
 + Level 4.6 Invocations
 + Level 4.2 Evocations


You had 16 spell levels left.
You didn't know any spells.
Your spell library was empty.

Dungeon Overview and Level Annotations

Branches:
Dungeon (6/12)             Temple (1/1) D:4

Altars:
Ashenzari
Cheibriados
Dithmenos
Elyvilon
Gozag
Hepliaklqana
Kikubaaqudgha
Lugonu
Makhleb
Nemelex Xobeh
Okawaru
Qazlal
Ru
Sif Muna
Trog
Uskayaw
Vehumet
Wu Jian
Xom
Yredelemnul
Zin
The Shining One

Shops:
D:6 *[(*


Innate Abilities, Weirdness & Mutations

Your experience applies equally to all skills.
You have very sharp teeth.
Your uncanny sense of smell can sniff out nearby items.


Message History

You kill the orc wizard!
Lugonu accepts your kill. You block the orc warrior's attack.
Things that are here:
a +0 dagger; a +0 robe; an orc corpse You hit the orc warrior.
The orc warrior is lightly wounded.
You closely miss the orc warrior.
The orc warrior is lightly wounded.
You block the orc warrior's attack.
You hit the orc warrior but do no damage.
The orc warrior is lightly wounded.
You feel better. The orc warrior misses you.
You hit the orc warrior but do no damage.
The orc warrior is lightly wounded.
You hit the orc warrior.
You bite the orc warrior, but do no damage.
The orc warrior is moderately wounded.
The orc warrior hits you with a +0 glaive!!
You die...

...).........######...#
).................'...+
....∩..∩.......<.##...#####
....#.###.................##.
....+...#.######.#).......'..
....#...#.# #.#..[.....##.
....##..#.# #.#........#
....##..#.# #.#........#
....###.#.# #@#o....?..#
....###...# #o#........#
......†...# #.#........#
#.........# ###.#..........
#.........# #.....#........
#.[.....(.# #.#.########...
#.........## #.....# ###
#.......#..#####.#.#
#.......'...# #.#.#


You could see an orc warrior.

Vanquished Creatures
  A hippogriff (D:6)
  3 sky beasts
  An ice beast (D:5)
  A centaur (D:6)
  An ogre (D:5)
  2 big kobolds
  2 bullfrogs
  A gnoll sergeant (D:4)
  A howler monkey (D:4)
  2 crimson imps
  A hound (D:6)
  A quasit (D:6)
  A jelly (D:5)
  3 gnoll shamans (D:4)
  An orc priest (D:5)
  6 orc wizards
  A bullfrog skeleton (D:4)
  Jessica (D:2)
  2 iguanas (D:5)
  Ijyb (D:5)
  5 worker ants
  Natasha (thrice) (D:3)
  A hound zombie (D:6)
  12 adders
  34 gnolls (D:4)
  A shadow imp (D:6)
  2 worms
  A dart slug (D:2)
  2 leopard geckos
  10 orcs
  4 goblins
  5 hobgoblins
  24 jackals
  3 quokkas
  5 bats
  6 frilled lizards
  A jackal skeleton (D:4)
  12 kobolds
  2 quokka zombies
  4 rats
170 creatures vanquished.

Notes
Turn   | Place    | Note
-------+----------+-------------------------------------------
     0 | D:1      | Revguard the Gnoll Fighter began the quest for the Orb.
     0 | D:1      | Reached XP level 1. HP: 23/23 MP: 1/1
   192 | D:1      | Reached XP level 2. HP: 29/29 MP: 2/2
   873 | D:2      | Noticed Jessica
   881 | D:2      | Killed Jessica
   881 | D:2      | Reached skill level 1 in Invocations
   881 | D:2      | Reached XP level 3. HP: 35/35 MP: 2/4
   894 | D:2      | Reached skill level 1 in Short Blades
   894 | D:2      | Reached skill level 1 in Axes
   894 | D:2      | Reached skill level 1 in Maces & Flails
   894 | D:2      | Reached skill level 1 in Polearms
   894 | D:2      | Reached skill level 1 in Staves
   894 | D:2      | Reached skill level 1 in Slings
   894 | D:2      | Reached skill level 1 in Bows
   894 | D:2      | Reached skill level 1 in Crossbows
   894 | D:2      | Reached skill level 1 in Throwing
   894 | D:2      | Reached skill level 1 in Dodging
   894 | D:2      | Reached skill level 1 in Stealth
   894 | D:2      | Reached skill level 1 in Unarmed Combat
   894 | D:2      | Reached skill level 1 in Spellcasting
   894 | D:2      | Reached skill level 1 in Evocations
   932 | D:2      | Reached XP level 4. HP: 41/41 MP: 5/5
  1097 | D:2      | Reached skill level 1 in Conjurations
  1097 | D:2      | Reached skill level 1 in Hexes
  1097 | D:2      | Reached skill level 1 in Charms
  1097 | D:2      | Reached skill level 1 in Summonings
  1097 | D:2      | Reached skill level 1 in Necromancy
  1097 | D:2      | Reached skill level 1 in Translocations
  1097 | D:2      | Reached skill level 1 in Transmutations
  1097 | D:2      | Reached skill level 1 in Fire Magic
  1097 | D:2      | Reached skill level 1 in Ice Magic
  1097 | D:2      | Reached skill level 1 in Air Magic
  1097 | D:2      | Reached skill level 1 in Earth Magic
  1097 | D:2      | Reached skill level 1 in Poison Magic
  1101 | D:2      | Found a basalt altar of Yredelemnul.
  1279 | D:2      | Reached XP level 5. HP: 47/47 MP: 6/6
  1433 | D:3      | Noticed Natasha
  1437 | D:3      | Killed Natasha
  1470 | D:3      | Noticed a big kobold
  1479 | D:3      | Killed a big kobold
  1502 | D:3      | Reached XP level 6. HP: 53/53 MP: 8/8
  1509 | D:3      | Found a shadowy altar of Dithmenos.
  1660 | D:3      | Noticed a sky beast
  1669 | D:3      | Noticed Natasha
  1676 | D:3      | Killed a sky beast
  1676 | D:3      | Reached skill level 5 in Long Blades
  1680 | D:3      | Killed Natasha
  1710 | D:3      | Noticed Natasha
  1723 | D:3      | Killed Natasha
  1990 | D:3      | Found a glowing golden altar of the Shining One.
  2283 | D:4      | Reached XP level 7. HP: 59/59 MP: 10/10
  2747 | D:4      | Reached XP level 8. HP: 33/67 MP: 12/12
  3590 | D:4      | Found a staircase to the Ecumenical Temple.
  3604 | Temple   | Entered the Ecumenical Temple
  3699 | Temple   | Became a worshipper of Lugonu the Unformed
  4077 | D:5      | Entered Level 5 of the Dungeon
  4154 | D:5      | Found a radiant altar of Vehumet.
  4154 | D:5      | Found a hazy altar of Hepliaklqana.
  4211 | D:5      | Found a snail-covered altar of Cheibriados.
  4274 | D:5      | Reached XP level 9. HP: 68/72 MP: 14/14
  4357 | D:5      | Noticed Ijyb
  4371 | D:5      | Killed Ijyb
  4452 | D:5      | Found a sacrificial altar of Ru.
  4746 | D:6      | Found Offowor's Mayhem Merchandise.
  4758 | D:6      | Reached ** piety under Lugonu
  4772 | D:6      | Found Saytath's Weapon Emporium.
  4994 | D:6      | Found Kuhi Kao's General Store.
  5007 | D:6      | Found Xyrelisch's Armour Emporium.
  5025 | D:6      | Found an ornate altar of the Wu Jian Council.
  5225 | D:6      | Mangled by an orc warrior

Skill      XL: |  1  2  3  4  5  6  7  8  9 |
---------------+----------------------------+-----
Invocations    | 1 2 3 4 |  4.6
Short Blades   | 1 2 3 4 |  4.2
Axes           | 1 2 3 4 |  4.2
Maces & Flails | 1 2 3 4 |  4.2
Polearms       | 1 2 3 4 |  4.2
Staves         | 1 2 3 4 |  4.2
Slings         | 1 2 3 4 |  4.2
Bows           | 1 2 3 4 |  4.2
Crossbows      | 1 2 3 4 |  4.2
Throwing       | 1 2 3 4 |  4.2
Dodging        | 1 2 3 4 |  4.2
Stealth        | 1 2 3 4 |  4.2
Unarmed Combat | 1 2 3 4 |  4.2
Spellcasting   | 1 2 3 4 |  4.2
Evocations     | 1 2 3 4 |  4.2
Conjurations   | 1 2 3 |  3.4
Hexes          | 1 2 3 |  3.4
Charms         | 1 2 3 |  3.4
Summonings     | 1 2 3 |  3.4
Necromancy     | 1 2 3 |  3.4
Translocations | 1 2 3 |  3.4
Transmutations | 1 2 3 |  3.4
Fire Magic     | 1 2 3 |  3.4
Ice Magic      | 1 2 3 |  3.4
Air Magic      | 1 2 3 |  3.4
Earth Magic    | 1 2 3 |  3.4
Poison Magic   | 1 2 3 |  3.4
Long Blades    | 5 6 |  6.3
Fighting       | 7 |  7.9
Armour         | 7 |  7.9
Shields        | 7 |  7.9

Action                   |  1- 3 |  4- 6 |  7- 9 || total
-------------------------+-------+-------+-------++-------
Melee: Long sword        |    83 |   176 |   490 ||   749
       Bite              |     7 |    27 |    84 ||   118
       Unarmed           |       |       |     8 ||     8
Invok: Bend Space        |       |       |     1 ||     1
Evoke: Lightning rod     |       |       |     3 ||     3
  Use: Scroll            |       |       |     5 ||     5
       Potion            |       |       |     7 ||     7
 Stab: Sleeping          |       |       |     1 ||     1
  Eat: Chunk             |       |     4 |    11 ||    15
Armor: Scale mail        |    31 |    82 |   172 ||   285
       Skin              |       |       |     3 ||     3
Dodge: Dodged            |    24 |    77 |   196 ||   297
Block: Shield            |    53 |   140 |   444 ||   637
